 Dungeon Crawl Stone Soup version 0.31-a0-152-g6aa68a64a1 (webtiles) character file.

Game seed: 13816524254779522188

31 qw the Shooter (level 3, -8/22 HPs)
             Began as a Gargoyle Hunter on June 10, 2023.
             Mangled by Sigmund
             ... wielding a +0 scythe
              (10 damage)
             ... on level 2 of the Dungeon.
             The game lasted 00:00:22 (1024 turns).

qw the Shooter (Gargoyle Hunter)                    Turns: 1024, Time: 00:00:22

Health: -8/22      AC:  6    Str: 14    XL:     3   Next: 22%
Magic:  3/3        EV: 11    Int:  9    God:
Gold:   66         SH:  0    Dex: 15    Spells: 2/2 levels left

rFire   . . .        Y - +0 shortbow
rCold   . . .        (shield currently unavailable)
rNeg    + . .        c - +0 leather armour
rPois   inf          (no helmet)
rElec   +            (no cloak)
rCorr   .            (no gloves)
SInv    .            (no boots)
Will    .....        (no amulet)
Stlth   +            (no ring)
HPRegen 0.23/turn    (no ring)
MPRegen 0.08/turn

%: no passive effects
@: confused
A: sickness immunity, AC +3, negative energy resistance 1, electricity
resistance, torment resistance 1, petrification resistance
a: no special abilities


You were on level 2 of the Dungeon.
You visited 1 branch of the dungeon, and saw 2 of its levels.

You collected 66 gold pieces.


Innate Abilities, Weirdness & Mutations

You are immune to sickness and miasma.
Your stone body is resilient. (AC +3)
You are immune to poison.
You resist negative energy. (rN+)
You are resistant to electric shocks. (rElec)
You are resistant to unholy torment.
You are immune to petrification.


   Skills:
 + Level 2.3 Fighting
 - Level 5.0 Ranged Weapons
 - Level 1.5 Dodging
 - Level 1.1 Stealth


You had 2 spell levels left.
You didn't know any spells.
Your spell library was empty.

Inventory:

Hand Weapons
 Y - a +0 shortbow (weapon)
Armour
 c - a +0 leather armour (worn)
Potions
 g - a potion of brilliance {unknown}

Dungeon Overview and Level Annotations

Branches:
Dungeon (2/15)

Altars:

Annotations:
D:2 Sigmund


Message History

Enter note:
Enter note: You shoot an arrow.
The arrow hits Sigmund.
Sigmund shouts!
Sigmund is lightly wounded.
You shoot an arrow. The arrow closely misses Sigmund.
You shoot an arrow. The arrow hits Sigmund!
Sigmund is heavily wounded.
Sigmund gestures wildly while chanting.
Sigmund flickers and vanishes!
Deactivating autopickup; reactivate with Ctrl-A.
You shoot an arrow. You shoot an arrow.
A puff of flame appears from out of thin air!
The puff of flame hits you!
You shoot an arrow. You shoot an arrow. Something hits you but does no damage.
You shoot an arrow. Something hits you.
You shoot an arrow. Something barely misses you.
You shoot an arrow. Something hits you but does no damage.
You shoot an arrow. You shoot an arrow. Something hits you!
You shoot an arrow. Something hits you but does no damage.
You shoot an arrow.
You hear some strange, mumbled words.
You are confused.
You shoot an arrow.
A magic dart appears from out of thin air!
The magic dart hits you.
You shoot an arrow. Something hits you but does no damage.
You shoot an arrow. Something hits you!
You die...

#.......... #.........
#.......$ #.......#####
#............ #....{.......
#............ . #...@#
.......#....# .......#....#
..... #..........##
...#.##...........#
.#....#...........#########
...#..#...................#
............>.............#
#.#.#.#...................#


There were no monsters in sight!

Vanquished Creatures
  6 ball pythons
  4 bats (D:1)
  3 endoplasms (D:1)
  A giant cockroach (D:1)
  A goblin (D:2)
  2 hobgoblins
  2 kobolds (D:1)
  A quokka (D:1)
  5 frilled lizards
  7 rats
32 creatures vanquished.

Notes
Turn   | Place    | Note
-------+----------+-------------------------------------------
     0 | D:1      | qw the Gargoyle Hunter began the quest for the Orb.
     0 | D:1      | Reached XP level 1. HP: 12/12 MP: 1/1
     0 | D:1      | 0 ||| qw: Version: 0.2-a-29-gd901d54
     0 | D:1      | 0 ||| qw: Game counter: 4005
     0 | D:1      | 0 ||| qw: Always use a shield: true
     0 | D:1      | 0 ||| qw: God list: Okawaru
     0 | D:1      | 0 ||| qw: Allow faded altars: false
     0 | D:1      | 0 ||| qw: Do Orc after D:15 true
     0 | D:1      | 0 ||| qw: Do second Lair branch before Depths: true
     0 | D:1      | 0 ||| qw: Lair rune preference: random
     0 | D:1      | 0 ||| qw: Plans: Normal, Zot:1-4, Slime:5, God:TSO, Crypt,
                  | Tomb, Abyss, Pan, Hells, Win
     0 | D:1      | 0 ||| PLANNING D:1-11
   147 | D:1      | Reached XP level 2. HP: 17/17 MP: 2/2
   303 | D:1      | Found a faded altar of an unknown god.
   550 | D:1      | Reached XP level 3. HP: 21/21 MP: 3/3
   730 | D:1      | 730 ||| READING scroll labelled DOUMUA APNUAQ.
   731 | D:1      | 731 ||| READING scroll labelled TOBYGU YRPHOI.
   732 | D:1      | 732 ||| READING 2 scrolls labelled FEECUA ZYZOEGY.
   733 | D:1      | 733 ||| DROPPING scroll of butterflies.
   734 | D:1      | 734 ||| DROPPING scroll of vulnerability.
   771 | D:2      | Reached skill level 5 in Ranged Weapons
  1007 | D:2      | Noticed Sigmund
  1019 | D:2      | HP: 5/22 [something (7)]
  1022 | D:2      | HP: 2/22 [something/magic dart (4)]
  1024 | D:2      | Mangled by Sigmund

Levels and vault maps discovered:
D:1:      dpeg_arrival_tiny_g, layout_loops_ring, ebering_ecumenical_altar_rust,
          minmay_misc_feat_plants, minmay_tetromino_o4
D:2:      minmay_chambers_of_ones, layout_basic,
          nicolae_kite_square_tiling_tiny, uniq_sigmund

Skill      XL: |  1  2  3 |
---------------+----------+-----
Ranged Weapons | 5 |  5.0
Fighting       | |  2.3
Dodging        | |  1.5
Stealth        | |  1.1

Action                     || total
---------------------------++-------
   Fire: Shortbow          ||    87
    Use: Scroll            ||     3
 Armour: Leather armour    ||    17
  Dodge: Dodged            ||     6

Table legend:
 A = Non-vault XP
 B = Vault XP
 C = Vault XP percentage of total XP
 D = Non-vault monster count
 E = Vault monster count
 F = Vault count percentage of total count
                 A         B        C        D         E       F
            +---------+---------+-------+---------+---------+-------
      Total |      41 |       4 |   8.9 |      29 |       3 |   9.4
            +---------+---------+-------+---------+---------+-------
        D:1 |      32 |       4 |  11.1 |      22 |       3 |  12.0
        D:2 |       9 |       0 |   0.0 |       7 |       0 |   0.0
            +---------+---------+-------+---------+---------+-------
